 Dungeon Crawl Stone Soup version 0.27-a0-1513-g2aaa0cc67b (console) character file.

Game seed: 1662166354702860627

176091 jejorda2 the Phalangite (level 18, -23/219 HPs)
             Began as a Merfolk Berserker on July 9, 2021.
             Was a High Priest of Trog.
             Annihilated by a naga warrior (29 damage)
             ... on level 4 of the Snake Pit.
             The game lasted 01:30:59 (38214 turns).

jejorda2 the Phalangite (Merfolk Berserker)        Turns: 38214, Time: 01:31:01

Health: -23/219    AC: 32    Str: 30    XL:     18   Next: 12%
Magic:  6/6        EV: 11    Int: 14    God:    Trog [*****.]
Gold:   1139       SH:  0    Dex: 15    Spells: 17/17 levels left

rFire    + . .     SeeInvis .   a - +9 bardiche {antimagic, rPois}
rCold    + + .     Faith    +   (shield currently unavailable)
rNeg     . . .     Spirit   .   Y - +8 plate armour "Wiagho" {Slay+3}
rPois    +         Reflect  .   w - +0 hat of Devotion {rF+ Str+3}
rElec    +         Harm     .   z - +0 cloak
rCorr    .         Rampage  .   E - +2 pair of gloves {Str+3}
Will     +++..                  V - +2 pair of boots {Stlth+}
Stlth    ..........             p - amulet of faith
HPRegen  1.46/turn              Z - ring of Oqesani {Drain rElec rC++ Int+6 Dex+2}
MPRegen  0.10/turn              I - +4 ring of slaying

@: berserking (expiring), lethally poisoned (-23 -> -23), weakened,
strong-willed, regenerating, very quick
A: (nimble swimmer 2), mertail
a: Renounce Religion, Berserk, Trog's Hand, Brothers in Arms


You were on level 4 of the Snake Pit.
You worshipped Trog.
Trog was extremely pleased with you.
You visited 4 branches of the dungeon, and saw 24 of its levels.
You visited the Abyss 1 time.
You also visited: Ossuary, Gauntlet and Ice Cave.

You collected 2571 gold pieces.
You spent 1432 gold pieces at shops.

Inventory:

Hand Weapons
 a - the +9 bardiche of Midnight (weapon) {antimagic, rPois}
   (You acquired it on level 6 of the Dungeon)

   It reduces the magical energy of the wielder, and disrupts the spells and
   magical abilities of those hit.
   Natural abilities and divine invocations are not affected.
   rPois:     It protects you from poison.
 b - a +2 vampiric demon trident
Missiles
 d - 189 poisoned darts
 f - 34 boomerangs (quivered)
 n - 6 curare-tipped darts
 D - 3 boomerangs of dispersal
 N - 8 javelins
 O - 3 atropa-tipped darts
 R - 7 silver javelins
Armour
 w - the +0 hat of Devotion (worn) {rF+ Str+3}
   (You found it on level 2 of the Abyss)

   Str:       It affects your strength (+3).
   rF:        It protects you from fire.
 z - a +0 cloak (worn)
 E - a +2 pair of gloves of strength (worn)
 V - a +2 pair of boots of stealth (worn)
 Y - the +8 plate armour "Wiagho" (worn) {Slay+3}
   (You took it off a minotaur in a Gauntlet)

   Slay:      It affects your accuracy & damage with ranged weapons and melee
   (+3).
Jewellery
 l - a ring of resist corrosion
 p - an amulet of faith (around neck)
 x - a ring of poison resistance
 I - a +4 ring of slaying (right hand)
 K - a ring of protection from cold
 X - a ring of protection from fire
 Z - the ring of Oqesani (left hand) {Drain rElec rC++ Int+6 Dex+2}
   (You took it off a minotaur in a Gauntlet)

   [ring of intelligence]

   Int:       It affects your intelligence (+6).
   Dex:       It affects your dexterity (+2).
   rC:        It greatly protects you from cold.
   rElec:     It insulates you from electricity.
   Drain:     It drains your maximum health when unequipped.
Wands
 h - a wand of iceblast (13)
 A - a wand of paralysis (27)
 B - a wand of polymorph (19)
 G - a wand of flame (69)
 H - a wand of acid (5)
 L - a wand of mindburst (29)
 W - a wand of digging (15)
Scrolls
 i - 2 scrolls of summoning
 k - 3 scrolls of teleportation
 o - 6 scrolls of vulnerability
 u - 2 scrolls of fog
 y - 3 scrolls of blinking
 Q - 4 scrolls of identify
 S - 3 scrolls of fear
 T - a scroll of silence
Potions
 c - 6 potions of mutation
 e - a potion of cancellation
 g - 2 potions of might
 j - 10 potions of curing
 m - 4 potions of flight
 q - 2 potions of berserk rage
 s - 3 potions of attraction
 t - 2 potions of resistance
 v - 2 potions of haste
 C - 3 potions of invisibility
 P - 3 potions of lignification
Miscellaneous
 F - a phial of floods


   Skills:
 - Level 14.0 Fighting
 - Level 26.0 Polearms
 - Level 12.0 Throwing
 + Level 12.6 Armour
 - Level 6.0 Dodging
 - Level 6.0 Evocations


You had 17 spell levels left.
You didn't know any spells.
Your spell library was empty.

Dungeon Overview and Level Annotations

Branches:
Dungeon (12/15)            Temple (0/1) D:6            Lair (6/6) D:11
 Shoals (0/4) Lair:3        Snake (4/4) Lair:4        Slime (0/5) Lair:6
    Orc (2/2) D:10            Elf (0/3) Orc:2       Ossuary (visited)
  IceCv (visited)         Gauntlet (visited)

Altars:
Elyvilon
Ru
Sif Muna
Trog
Vehumet
Wu Jian
Xom
Yredelemnul
Zin
The Shining One
Beogh

Shops:
D:6 *   D:7 [[((*   D:12 [   Orc:2 ?==:   Snake:1 **   Snake:4 :=(=


Innate Abilities, Weirdness & Mutations

((You are quick and stealthy near water. (Stealth+, EV+, Speed+++)))
Your lower body shifts to a powerful aquatic tail in water.


Message History

The salamander mystic is severely wounded.
You feel sick.
The salamander mystic hits you but does no damage.
The salamander mystic gestures at you while chanting.
The lance of force hits you!
* * * LOW HITPOINT WARNING * * *
You are knocked back by the lance of force.
You slam into the stone wall!
The salamander mystic casts a spell at the salamander mystic.
The salamander mystic seems to speed up.
Unknown command.
You cut the naga warrior into ribbons!!!
The naga warrior is heavily wounded.
The salamander misses you.
The naga warrior roars a battlecry!
The salamander mystic goes into a battle-frenzy!
You hear a shout!
You completely miss the naga warrior.
The naga warrior is heavily wounded.
You feel sick.
You hear an angry hiss.
The salamander mystic hits you but does no damage.
The naga warrior spits poison at you.
The splash of poison hits you but does no damage.
You resist.
The salamander hits you but does no damage.
You slice the naga warrior!!
The naga warrior is severely wounded.
The salamander mystic hits you with a +0 quarterstaff!
* * * LOW HITPOINT WARNING * * *
You are engulfed in flames!
You resist.
* * * LOW HITPOINT WARNING * * *
Unknown command.
You slash the naga warrior!
The naga warrior is almost dead.
You feel sick.
The salamander mystic gestures at the salamander mystic while chanting.
The salamander mystic seems to speed up.
The naga warrior hits you with a +0 halberd!!
You die...

#....## ##....##.)§≈≈≈§§§≈≈≈≈§≈.
##....## ##..##)§§§§≈########≈≈≈
# ##....## ####..§§§###......###≈
###......## ##..≈§§##..........##
.#.###....###..≈≈≈##....).......#
.)#.####..##..≈≈≈##....######)...
..)## #.##..≈≈§##N§.### ###..
.⌠#.# ###..≈≈≈##NN§## ##. ∩...###
#..≈≈≈#@.N## ##
.⌠#...####'#####NN.# #
###....##..##...#'## #
##...##.##.....## ##.....#......
##[...#...... ##...#......
###.##..... #..##...###


You could see a naga warrior (fast, strong), 4 salamander mystics and a
salamander (fast, strong).

Vanquished Creatures
  Mara (Snake:4)
  Jorgrun (D:12)
  A lich (Abyss:2)
  Asterion (Snake:2)
  Kirke (Lair:4)
  Agnes (Snake:2)
  2 nagarajas (Snake:4)
  Louise (Snake:2)
  Aizul (Snake:4)
  A deep elf elementalist (Abyss:2)
  Nessos (Lair:6)
  Azrael (Orc:2)
  An entropy weaver (Gauntlet)
  A minotaur (Gauntlet)
  An ettin (Orc:2)
  Josephine (D:12)
  A fire dragon (Lair:6)
  Erolcha (Orc:2)
  9 hydras
  4 salamander tyrants
  14 naga warriors
  2 boulder beetles
  A centaur warrior (D:9)
  4 two-headed ogres
  10 anacondas
  2 death scarabs (Gauntlet)
  5 death yaks (Lair:5)
  12 naga sharpshooters
  A thrashing horror (Abyss:2)
  8 orc high priests
  Sonja (Lair:1)
  6 shock serpents
  Nergalle (Lair:3)
  7 salamander mystics
  A spectral death yak (Gauntlet)
  A fire crab (Lair:6)
  A bog body (IceCv)
  6 naga ritualists
  A spectral hydra (Gauntlet)
  4 deep elf pyromancers (Orc:1)
  2 orc knights
  3 lindwurms (Snake:4)
  A necromancer (IceCv)
  An ugly thing (D:12)
  An orc sorcerer (Orc:1)
  An oklob plant (Lair:1)
  5 deep elf zephyrmancers (Orc:1)
  9 mana vipers
  A cyclops (D:12)
  A manticore (D:11)
  3 ice statues
  A dire elephant zombie (Abyss:2)
  Maurice (Orc:2)
  37 black mambas
  23 salamanders
  4 guardian serpents
  13 naga magi
  11 cane toads
  2 molten gargoyles (Lair:6)
  A cane toad (shapeshifter) (Abyss:2)
  An unseen horror (D:11)
  5 rime drakes
  16 komodo dragons
  3 anaconda simulacra (IceCv)
  3 entropy weaver simulacra (IceCv)
  7 ice devils (IceCv)
  3 polar bears
  5 trolls
  2 slime creatures (D:12)
  3 dream sheep (Lair:1)
  A small abomination (Abyss:2)
  A snapping turtle (Lair:3)
  2 meliai zombies (D:11)
  A spriggan (D:8)
  8 wraiths
  8 starcursed masses (Abyss:2)
  A vampire (D:12)
  2 dire elephant simulacra (IceCv)
  A ynoxinul (Abyss:2)
  A redback (Gauntlet)
  8 wyverns
  A fire elemental (Orc:1)
  41 yaks
  7 basilisks
  2 large abominations (Abyss:2)
  A hog (Lair:4)
  A steam dragon (D:10)
  2 harpy simulacra (IceCv)
  A vampire mosquito (D:11)
  Menkaure (D:5)
  48 nagas
  6 wargs (Orc:2)
  18 water moccasins
  An acid dragon (D:12)
  7 hell hounds
  21 orc warriors
  2 ice beasts
  A black bear (D:11)
  17 wolves
  A necrophage (D:5)
  3 ogres
  A phantom (D:6)
  5 centaurs
  2 kobold brigands
  A gnoll sergeant (D:10)
  17 bullfrogs
  A wyvern zombie (D:7)
  A cane toad simulacrum (IceCv)
  3 scorpions
  A water moccasin skeleton (D:6)
  5 killer bees
  3 wights
  2 howler monkeys (D:11)
  2 electric eels
  4 lava snakes (Lair:6)
  A bullfrog zombie (D:5)
  3 jellies
  32 orc priests
  7 centaur zombies
  A hound (D:5)
  A gnoll shaman (D:6)
  2 centaur skeletons (D:7)
  A scorpion zombie (D:5)
  2 iguanas
  14 orc wizards
  5 hell rats (Lair:5)
  A spriggan simulacrum (IceCv)
  A wolf simulacrum (IceCv)
  A hound zombie (D:5)
  A hound skeleton (D:4)
  3 mummies (Ossuary)
  16 gnolls
  A naga simulacrum (IceCv)
  5 adders
  A shadow imp (D:7)
  2 ufetubi
  3 adder zombies
  5 dart slugs
  84 orcs
  10 endoplasms
  6 giant cockroaches
  8 goblins
  5 hobgoblins
  5 jackals (D:1)
  3 quokkas
  9 ball pythons
  5 bats
  2 frilled lizards (D:1)
  4 goblin zombies (Ossuary)
  7 hobgoblin zombies (Ossuary)
  18 kobolds
  A kobold zombie (Ossuary)
  A quokka skeleton (D:4)
  3 quokka zombies (Ossuary)
  5 rats
  2 rat zombies (Ossuary)
840 creatures vanquished.

Vanquished Creatures (collateral kills)
  A bone dragon (Abyss:2)
  A nagaraja (Snake:4)
  A naga warrior (Snake:4)
  A shadow wraith (Snake:2)
  A guardian serpent (Snake:4)
  A naga mage (Snake:2)
  2 slime creatures (D:12)
  4 dream sheep (Lair:1)
  A spectral torpor snail (Gauntlet)
13 creatures vanquished.

Vanquished Creatures (others)
  A salamander mystic (Snake:2)
  A cane toad (Lair:6)
  A komodo dragon (Lair:6)
  A hornet (D:9)
  3 yaks
  A water moccasin (Lair:6)
  A gnoll sergeant (D:9)
  An orc priest (Orc:2)
  3 orc wizards
  An orc (Orc:1)
  A bush (Lair:5)
  49 fungi
  50 plants
114 creatures vanquished.

Grand Total: 967 creatures vanquished

Notes
Turn   | Place    | Note
-------+----------+-------------------------------------------
     0 | D:1      | jejorda2 the Merfolk Berserker began the quest for the Orb.
     0 | D:1      | Reached XP level 1. HP: 18/18 MP: 1/1
    53 | D:1      | Reached XP level 2. HP: 14/24 MP: 2/2
   261 | D:1      | Reached skill level 5 in Polearms
   681 | D:1      | Reached XP level 3. HP: 28/29 MP: 3/3
   948 | D:1      | Reached ** piety under Trog
  1413 | D:2      | Reached XP level 4. HP: 29/37 MP: 4/4
  1564 | D:2      | Reached skill level 6 in Polearms
  2288 | D:2      | Found a faded altar of an unknown god.
  2428 | D:3      | Found a white marble altar of Elyvilon.
  2581 | D:3      | Found a basalt altar of Yredelemnul.
  3070 | D:3      | Found a shimmering blue altar of Sif Muna.
  3501 | D:4      | Reached XP level 5. HP: 37/42 MP: 5/5
  3591 | D:4      | Noticed an ogre
  3596 | D:4      | Killed an ogre
  3597 | D:4      | Reached skill level 7 in Polearms
  3621 | D:4      | Found a sand-covered staircase.
  3639 | Ossuary  | Entered an ossuary
  3660 | Ossuary  | Reached XP level 6. HP: 49/49 MP: 6/6
  3850 | Ossuary  | Reached *** piety under Trog
  4126 | D:4      | Reached skill level 8 in Polearms
  4625 | D:5      | Entered Level 5 of the Dungeon
  4895 | D:5      | Noticed Menkaure
  4901 | D:5      | Killed Menkaure
  4902 | D:5      | Reached skill level 5 in Fighting
  4902 | D:5      | Reached XP level 7. HP: 56/56 MP: 7/7
  4929 | D:5      | Reached skill level 9 in Polearms
  5614 | D:6      | Identified a scroll of acquirement
  5614 | D:6      | Acquired the +9 bardiche of Midnight {antimagic, rPois}
  5731 | D:6      | Reached skill level 10 in Polearms
  5731 | D:6      | Reached XP level 8. HP: 62/64 MP: 2/8
  5762 | D:6      | Reached **** piety under Trog
  5922 | D:6      | Found a radiant altar of Vehumet.
  6043 | D:6      | Found Dokhaoho's Serpentskin Sales.
  6047 | D:6      | Reached skill level 11 in Polearms
  6207 | D:6      | Found a staircase to the Ecumenical Temple.
  6387 | D:7      | Found a glowing silver altar of Zin.
  6486 | D:6      | Bought a ring of poison resistance for 280 gold pieces
  6611 | D:7      | Noticed a wyvern
  6623 | D:7      | Killed a wyvern
  6624 | D:7      | Reached skill level 12 in Polearms
  6823 | D:7      | Found Xezi's Weapon Emporium.
  6824 | D:7      | Found Jeunteast's Antique Weapon Boutique.
  6917 | D:7      | Reached XP level 9. HP: 61/69 MP: 9/9
  6917 | D:7      | Found Ruttuut's Assorted Antiques.
  6957 | D:7      | Bought a fuming green potion for 22 gold pieces
  6957 | D:7      | Bought 3 scrolls labelled VENTEOHEIDEA for 75 gold pieces
  7017 | D:7      | Found Rachybbu's Armour Boutique.
  7116 | D:7      | Found Niocseot's Armour Boutique.
  7931 | D:8      | Reached skill level 13 in Polearms
  7938 | D:8      | Reached skill level 5 in Armour
  8544 | D:8      | Noticed a two-headed ogre
  8552 | D:8      | Killed a two-headed ogre
  8553 | D:8      | Reached skill level 14 in Polearms
  9139 | D:7      | Bought a +1 pair of gloves of strength for 181 gold pieces
  9180 | D:9      | Killed a hornet
  9183 | D:9      | Noticed a troll
  9193 | D:9      | Killed a troll
  9265 | D:9      | Reached XP level 10. HP: 73/76 MP: 10/10
  9271 | D:9      | Reached skill level 15 in Polearms
  9421 | D:9      | Found a shimmering altar of Xom.
  9580 | D:9      | Noticed a centaur warrior
  9592 | D:9      | Killed a centaur warrior
  9593 | D:9      | Reached skill level 16 in Polearms
  9593 | D:9      | Reached skill level 1 in Throwing
 10485 | D:10     | Entered Level 10 of the Dungeon
 10517 | D:10     | Reached skill level 5 in Dodging
 10697 | D:10     | Found a staircase to the Orcish Mines.
 10876 | D:10     | Reached skill level 17 in Polearms
 10876 | D:10     | Reached XP level 11. HP: 81/81 MP: 11/11
 11044 | D:10     | Found a glowing golden altar of the Shining One.
 11073 | D:10     | Found a sacrificial altar of Ru.
 11181 | D:10     | Found a bloodstained altar of Trog.
 11181 | D:10     | Found an ornate altar of the Wu Jian Council.
 11342 | D:10     | Identified the +8 dagger "Huxaevem" {freeze, rPois rN+++
                  | rCorr Dex-5}
 11483 | D:11     | Noticed a manticore
 11491 | D:11     | Killed a manticore
 11851 | D:11     | Noticed a two-headed ogre
 11861 | D:11     | Killed a two-headed ogre
 11864 | D:11     | Reached ***** piety under Trog
 12009 | D:11     | Reached skill level 18 in Polearms
 12035 | D:11     | Reached skill level 5 in Throwing
 12772 | D:7      | Bought a peridot ring for 125 gold pieces
 13155 | D:11     | Found a staircase to the Lair.
 13324 | D:11     | Noticed a five-headed hydra
 13332 | D:11     | Killed a five-headed hydra
 13333 | D:11     | Reached skill level 19 in Polearms
 13531 | D:12     | Noticed a two-headed ogre
 13539 | D:12     | Killed a two-headed ogre
 13586 | D:12     | Reached XP level 12. HP: 63/89 MP: 6/12
 13975 | D:12     | Noticed Jorgrun
 13988 | D:12     | Killed Jorgrun
 13989 | D:12     | Reached skill level 20 in Polearms
 14208 | D:12     | Found Onkitz's Armour Boutique.
 14572 | D:12     | Noticed Josephine
 14598 | D:12     | Killed Josephine
 14751 | D:12     | Noticed a two-headed ogre
 14838 | D:12     | Killed a two-headed ogre
 14948 | D:12     | Noticed a boulder beetle
 14957 | D:12     | Killed a boulder beetle
 15286 | Lair:1   | Entered Level 1 of the Lair of Beasts
 15729 | Lair:1   | Reached XP level 13. HP: 100/100 MP: 13/13
 15734 | Lair:1   | Noticed Sonja
 15781 | Lair:1   | Killed Sonja
 16029 | Lair:1   | Received a gift from Trog
 16580 | Lair:2   | Reached skill level 1 in Evocations
 17504 | Lair:3   | Found a frozen archway.
 17518 | Lair:3   | Reached skill level 21 in Polearms
 17597 | IceCv    | Entered an ice cave
 19170 | Lair:3   | Reached skill level 10 in Fighting
 19181 | Lair:3   | Noticed Nergalle
 19194 | Lair:3   | Killed Nergalle
 19195 | Lair:3   | Reached skill level 5 in Evocations
 19754 | Lair:3   | Found a staircase to the Shoals.
 20356 | Lair:4   | Found a staircase to the Snake Pit.
 20359 | Lair:4   | Reached XP level 14. HP: 110/110 MP: 14/14
 20526 | Lair:4   | Noticed Kirke
 20537 | Lair:4   | Killed Kirke
 21220 | Lair:5   | Found a gate leading to a gauntlet.
 21227 | Gauntlet | Entered a Gauntlet
 21227 | Gauntlet | Found a transporter.
 21227 | Gauntlet | Found a runed translucent door.
 21227 | Gauntlet | Found a transporter.
 21229 | Gauntlet | Found a runed translucent door.
 21239 | Gauntlet | Found a transporter.
 21257 | Gauntlet | Found a transporter.
 21257 | Gauntlet | Found a transporter.
 21259 | Gauntlet | Found a transporter.
 21259 | Gauntlet | Found a transporter.
 21260 | Gauntlet | Found a transporter.
 21265 | Gauntlet | Noticed an entropy weaver
 21271 | Gauntlet | Found a transporter.
 21284 | Gauntlet | Noticed an entropy weaver
 21287 | Gauntlet | Found a transporter.
 21297 | Gauntlet | Found a transporter.
 21312 | Gauntlet | Found a transporter.
 21348 | Gauntlet | Found a transporter.
 21365 | Gauntlet | Found a transporter.
 21462 | Gauntlet | Identified the ring of Luwnusa {Int+6 Dex+4}
 21497 | Gauntlet | Reached skill level 10 in Armour
 21773 | Gauntlet | Killed an entropy weaver
 21851 | Gauntlet | Identified the -5 helmet of Ceruty {Regen+ Slay+2}
 21891 | Gauntlet | Identified the +8 plate armour "Wiagho" {Slay+3}
 21891 | Gauntlet | Identified the -4 buckler "Jyuwexug" {rF- Int-5 Dex+8
                  | Stlth+}
 21891 | Gauntlet | Identified the ring of Oqesani {Drain rElec rC++ Int+6
                  | Dex+2}
 21902 | Gauntlet | Reached skill level 22 in Polearms
 23180 | Lair:5   | Identified the +3 glaive of Plague {vorpal, Dex+4} (Trog
                  | gifted it to you on level 5 of the Lair of Beasts)
 23180 | Lair:5   | Received a gift from Trog
 23471 | Lair:6   | Entered Level 6 of the Lair of Beasts
 23973 | Lair:6   | Reached skill level 23 in Polearms
 24067 | Lair:6   | Found a large runed translucent door.
 24067 | Lair:6   | Found a large runed translucent door.
 24245 | Lair:6   | Reached XP level 15. HP: 70/118 MP: 8/15
 24549 | Lair:6   | Found a staircase to the Slime Pits.
 24652 | Lair:6   | Noticed Nessos
 24662 | Lair:6   | Killed Nessos
 25330 | Orc:1    | Entered Level 1 of the Orcish Mines
 25599 | D:10     | Reached skill level 24 in Polearms
 26051 | Orc:1    | Received a gift from Trog
 26381 | Orc:2    | Entered Level 2 of the Orcish Mines
 26898 | Orc:2    | Noticed Azrael
 26917 | Orc:2    | Killed Azrael
 27255 | Orc:2    | Noticed Erolcha
 27263 | Orc:2    | Killed Erolcha
 27305 | Orc:2    | Found a staircase to the Elven Halls.
 27357 | Orc:2    | Found Erheigy's Book Emporium.
 27357 | Orc:2    | Found Sybeext's Jewellery Boutique.
 27434 | Orc:2    | Noticed Maurice
 27440 | Orc:2    | Killed Maurice
 27535 | Orc:2    | Found Ehiok's Jewellery Emporium.
 27835 | Orc:2    | Found Zeolut Qeha's Magic Scroll Boutique.
 27954 | Orc:2    | Bought an amulet of faith for 520 gold pieces
 28064 | D:7      | Bought an ancient trident for 229 gold pieces
 28064 | D:7      | Identified the +8 trident of Kuclukko {holy, Str+4} (You
                  | bought it in a shop on level 7 of the Dungeon)
 28246 | Snake:1  | Entered Level 1 of the Snake Pit
 28264 | Snake:1  | Reached skill level 25 in Polearms
 28514 | Snake:1  | Found Essiameb's Specific Store.
 28515 | Snake:1  | Found Dufuan's General Store.
 28778 | Snake:1  | Reached XP level 16. HP: 109/129 MP: 5/16
 28794 | Snake:1  | Reached ****** piety under Trog
 29661 | Snake:2  | Noticed Asterion
 29671 | Snake:2  | Killed Asterion
 29693 | Snake:2  | Reached skill level 26 in Polearms
 30700 | Snake:2  | Received a gift from Trog
 31732 | Snake:2  | Noticed Louise
 31852 | Snake:2  | Cast into level 2 of the Abyss (Louise)
 31872 | Abyss:2  | Noticed a bone dragon
 31883 | Abyss:2  | Killed a bone dragon
 31955 | Abyss:2  | Identified the +0 hat of Devotion {rF+ Str+3}
 32055 | Abyss:2  | Noticed a lich
 32059 | Abyss:2  | Killed a lich
 32067 | Snake:2  | Escaped the Abyss
 32087 | Snake:2  | Killed Louise
 32603 | Snake:2  | Noticed Agnes
 32608 | Snake:2  | Killed Agnes
 32609 | Snake:2  | Reached XP level 17. HP: 82/139 MP: 5/17
 33871 | Snake:3  | Received a gift from Trog
 35160 | Snake:4  | Entered Level 4 of the Snake Pit
 35512 | Snake:4  | Noticed Mara
 35524 | Snake:4  | Killed Mara
 35545 | Snake:4  | Reached skill level 10 in Throwing
 36448 | Snake:4  | Found Lotir's Jewellery Shop.
 36562 | Snake:4  | Found Paczac's Jewellery Shop.
 36812 | Snake:4  | Found Ryngoq Xiso's Weapon Shoppe.
 36852 | Snake:4  | Noticed Aizul
 36862 | Snake:4  | Killed Aizul
 37267 | Snake:4  | Found Kale's Book Shoppe.
 37276 | Snake:4  | Received a gift from Trog
 37926 | Snake:4  | Reached XP level 18. HP: 146/146 MP: 6/18
 38213 | Snake:4  | HP: 7/219 [salamander mystic (7)]
 38214 | Snake:4  | Annihilated by a naga warrior

Illustrated notes

Levels and vault maps discovered:
D:1:      lemuel_arrival_rhombus, layout_loops_cross
D:2:      layout_basic, shapermc_ecumenical_altar_mp_vishouse
D:3:      layout_basic, kennysheep_ying_yang, led_sif_pool
D:4:      layout_rooms, lightli_ossuary_entry_decrepit_ruins
D:5:      layout_loops_ring, uniq_menkaure
D:6:      layout_basic, nicolae_overflow_hidden_temple, temple_doors_ab,
          guppyfry_shop_venom
D:7:      layout_basic, mainiacjoe_overflow_small_starburst, serial_shops,
          shop_coins, shop, shop, nicolae_shop_waterfront, shop
D:8:      layout_cave_pools, the_hattery
D:9:      layout_basic, xom_confusion_cloud, chequers_serial_rivers_micro_d
D:10:     layout_cave_pools, gammafunk_temple_overflow_pools,
          mainiacjoe_overflow_two_lobes, orc_0_dummy
D:11:     layout_irregular_city, grunt_lair_entry_orc_guard_hut,
          hangedman_abyss_or_decor_passed, minivault_25, minmay_quadrilaterals
D:12:     layout_grid_maze, serial_shops, shop, drop_trap,
          minmay_misc_feat_tiny, uniq_jorgrun, uniq_josephine
Lair:1:   layout_small_grid, minmay_lair_oklob_chamber, uniq_sonja
Lair:2:   layout_concentric_octagons, infiniplex_staircase_pool_2,
          grunt_megastairs_5
Lair:3:   layout_cave_pods, minmay_shoals_entry_hut, portal_ice_cave_rime,
          uniq_nergalle
Lair:4:   layout_cave_pods, guppyfry_snake_entry_garden, uniq_kirke
Lair:5:   layout_cave_pods, gauntlet_entry_generic, grunt_megastairs_3
Lair:6:   cheibrodos_lair_end_hotspot, layout_concentric_octagons,
          nicolae_slime_entry_slimehenge, nzn_sisyphean_effort,
          infiniplex_staircase_pool, uniq_nessos
Snake:1:  layout_basic, nicolae_specific_store
Snake:2:  layout_layer_cave, grunt_megastairs_1, uniq_agnes, uniq_louise,
          uniq_asterion
Snake:3:  layout_chambers
Snake:4:  snake_pit_salamanders_mu, layout_concentric_octagons, serial_shops,
          shop, shop, shop, shop_fountains, uniq_mara, uniq_aizul
Orc:1:    layout_caves, elves_outpost_lemuel
Orc:2:    st_orc_town, layout_caves, uniq_maurice, uniq_erolcha, uniq_azrael

Skill      XL: |  1  2  3  4  5  6  7  8  9 10 11 12 13 14 15 16 17 18 |
---------------+-------------------------------------------------------+-----
Polearms       | 5 6 7 8 10 12 14 17 19 20 21 23 25 26 | 26.0
Armour         | 2 3 4 5 6 7 9 10 11 12 | 12.6
Fighting       | 4 5 6 8 10 11 12 14 | 14.0
Dodging        | 5 6 |  6.0
Throwing       | 3 6 7 11 12 | 12.0
Evocations     | 5 6 |  6.0

Action                   |  1- 3 |  4- 6 |  7- 9 | 10-12 | 13-15 | 16-18 || total
-------------------------+-------+-------+-------+-------+-------+-------++-------
Melee: Spear             |   141 |    34 |       |       |       |       ||   175
       Trident           |       |   191 |    33 |    16 |    55 |       ||   295
       Halberd           |       |       |    12 |       |       |       ||    12
       Bardiche          |       |       |    40 |    40 |   497 |   647 ||  1224
       Glaive            |       |       |   171 |   365 |   470 |       ||  1006
       Tailslap          |       |       |       |       |     1 |     1 ||     2
Throw: Dart              |     2 |     2 |     8 |    37 |    21 |       ||    70
       Javelin           |       |       |       |       |     3 |       ||     3
       Boomerang         |       |       |       |       |       |    63 ||    63
Invok: Trog's Hand       |       |     2 |     1 |     1 |     7 |     9 ||    20
       Berserk           |       |     3 |     8 |     8 |    13 |     7 ||    39
       Brothers in Arms  |       |       |       |     1 |     4 |     7 ||    12
Evoke: Phial of floods   |       |       |       |       |     1 |     1 ||     2
       Wand              |       |       |       |       |       |     1 ||     1
  Use: Scroll            |       |    10 |    10 |     2 |     7 |     3 ||    32
       Potion            |       |       |       |       |     3 |     1 ||     4
 Stab: Sleeping          |     1 |     3 |       |       |       |       ||     4
       Confused          |       |       |       |     1 |       |       ||     1
       Distracted        |       |       |       |       |       |     1 ||     1
Armor: Animal skin       |    11 |       |       |       |       |       ||    11
       Leather armour    |     2 |    20 |       |       |       |       ||    22
       Ring mail         |       |    17 |     2 |       |       |       ||    19
       Chain mail        |       |       |   102 |   204 |       |       ||   306
       Scale mail        |       |       |       |    10 |   135 |       ||   145
       Plate armour      |       |       |       |       |   363 |   322 ||   685
Dodge: Dodged            |    68 |    89 |   100 |   170 |   389 |   169 ||   985

Table legend: (Time is in decaauts)
 A = Elapsed time spent in this place.
 B = Non-inter-level travel time spent in this place.
 C = Inter-level travel time spent in this place.
 D = Time resting spent in this place.
 E = Time spent auto-exploring this place.
 F = Levels seen in this place.
 G = Mean time per level.
                   A        B        C        D        E       F      G
               +--------+--------+--------+--------+--------+-----+--------+
         Total |  37986 |  35919 |   2067 |   6298 |  24260 |  28 | 1356.6 |
       Dungeon |  15773 |  14826 |    947 |   2419 |  10333 |  12 | 1314.4 |
          Lair |   7887 |   7285 |    602 |    226 |   6139 |   6 | 1314.5 |
     Snake Pit |   9597 |   9187 |    410 |   1744 |   6305 |   4 | 2399.2 |
  Orcish Mines |   2060 |   1952 |    108 |    637 |    729 |   2 | 1030.0 |
         Abyss |    212 |    212 |      0 |     18 |      5 |   1 |  212.0 |
       Ossuary |    344 |    344 |      0 |    107 |    144 |   1 |  344.0 |
      Ice Cave |   1245 |   1245 |      0 |    828 |    240 |   1 | 1245.0 |
      Gauntlet |    864 |    864 |      0 |    315 |    364 |   1 |  864.0 |
               +--------+--------+--------+--------+--------+-----+--------+

Top non-repeatable levels by time:
 Snake:2: 2699 daAuts
 Snake:4: 2524 daAuts
    D:11: 2437 daAuts
 Snake:3: 2191 daAuts
 Snake:1: 2182 daAuts
     D:7: 1749 daAuts
  Lair:5: 1565 daAuts
    D:10: 1564 daAuts
  Lair:6: 1551 daAuts
  Lair:3: 1458 daAuts
    D:12: 1369 daAuts
     D:9: 1340 daAuts
   IceCv: 1245 daAuts
  Lair:2: 1204 daAuts
     D:8: 1173 daAuts
